 Dungeon Crawl Stone Soup version 0.21.1-1-g345015fe64 (webtiles) character file.

123 RepoMan the Conjurer (level 4, -11/49 HPs)
             Began as a Draconian Conjurer on June 21, 2018.
             Killed by divine providence
             ... invoked by an orc priest
              (15 damage)
             ... on level 3 of the Dungeon.
             The game lasted 00:17:51 (3305 turns).

RepoMan the Conjurer (Draconian Conjurer)           Turns: 3305, Time: 00:17:52

Health: -11/49     AC: 22    Str: 11    XL:     4   Next: 80%
Magic:  1/9        EV:  2    Int: 16    God:
Gold:   63         SH:  0    Dex: 11    Spells: 3/10 levels left

rFire    . . .     SeeInvis .   (no weapon)
rCold    . . .     Gourm    .   (no shield)
rNeg     + + +     Faith    .   (armour unavailable)
rPois    +         Spirit   .   (helmet currently unavailable)
rElec    .         Reflect  .   (cloak currently unavailable)
rCorr    .         Harm     .   (gloves currently unavailable)
MR       .....     NoTele   +   (boots currently unavailable)
Stlth    ++........             (no amulet)
HPRegen  0.16/turn              (no ring)
MPRegen  0.11/turn              (no ring)

@: tree-form (expiring), berserk cooldown, slowed, very slow
A: unfitting armour, AC +5
a: no special abilities


You were on level 3 of the Dungeon.
You were not hungry.
You were a tree.
You visited 1 branch of the dungeon, and saw 3 of its levels.

You collected 63 gold pieces.

Inventory:

Scrolls
 g - a scroll of identify
 j - a scroll of teleportation
Books
 a - a book of Conjurations

   Spells                             Type                      Level
   a - Magic Dart                     Conjuration                  1
   b - Searing Ray                    Conjuration                  2
   c - Dazzling Spray                 Conjuration/Hexes            3
   d - Fulminant Prism                Conjuration/Hexes            4
   e - Force Lance                    Conjuration/Translocation    4
   f - Iskenderun's Mystic Blast      Conjuration                  4
Comestibles
 b - 3 rations
 h - a chunk of flesh


   Skills:
 - Level 1.7 Dodging
 - Level 1.7 Stealth
 + Level 3.5 Spellcasting
 + Level 5.2 Conjurations


You had 3 spell levels left.
You knew the following spells:

 Your Spells              Type           Power        Failure   Level  Hunger
a - Magic Dart            Conj           ###.         1%          1    None
b - Searing Ray           Conj           ###...       3%          2    ##.....
m - Iskenderun's Mystic   Conj           ###.....     21%         4    ####...


Dungeon Overview and Level Annotations

Branches:
Dungeon (3/15)

Altars:
Makhleb
Sif Muna

Annotations:
D:3 Sigmund; faabio's ghost, weakling NaGl


Innate Abilities, Weirdness & Mutations

((Your plain brown scales are hard. (AC +5)))
You cannot fit into any form of body armour.
((You are cold-blooded and may be slowed by cold attacks.))


Message History

The jackal bites you.
* * * LOW HITPOINT WARNING * * *
Something hits you but does no damage.
The jackal bites you but does no damage. x2
The orc hits you but does no damage. x2; Something hits you but does no damage.
The orc hits you but does no damage.
Casting: Iskenderun's Mystic Blast
Confirm with . or Enter, or press ? or * to list all spells.
Aiming: Iskenderun's Mystic Blast
Press: ? - help, Shift-Dir - straight line, f - orc priest, p - orc
Aim: an orc priest, wielding a dagger and wearing a ring mail The orb of energy hits something.
Your transformation is almost over.
The jackal bites you but does no damage. x2
The orc hits you but does no damage. x2; Something hits you but does no damage.
The jackal bites you but does no damage. x2
The orc hits you but does no damage.
The orc priest calls down the wrath of Beogh upon you.
Beogh smites you!
You die...

... #.# #.##
# #.. #.#..
##§#.####
#..hho..##.#
#.§§♣{o.....
#.#§oo......
...#o..#...
#..# #..# .
#..# #...
#..# #...
#.# #.## #.
.#


You could see 2 orc priests, 3 orcs and 2 jackals.

Vanquished Creatures
  A worker ant (D:2)
  2 adders (D:2)
  A shadow imp (D:2)
  2 dart slugs
  A worm (D:2)
  3 leopard geckos
  An orc (D:3)
  7 bats
  6 giant cockroaches
  7 goblins
  8 hobgoblins
  6 jackals (D:1)
  3 ball pythons
  A frilled lizard (D:2)
  2 kobolds (D:1)
  8 rats
59 creatures vanquished.

Notes
Turn   | Place    | Note
-------+----------+-------------------------------------------
     0 | D:1      | RepoMan the Draconian Conjurer began the quest for the Orb.
     0 | D:1      | Reached XP level 1. HP: 14/14 MP: 3/3
   509 | D:1      | Reached XP level 2. HP: 20/20 MP: 0/5
   517 | D:1      | Learned a level 2 spell: Searing Ray
  1074 | D:1      | Reached XP level 3. HP: 26/26 MP: 4/7
  2428 | D:2      | Reached XP level 4. HP: 33/33 MP: 1/8
  2434 | D:2      | Learned a level 4 spell: Iskenderun's Mystic Blast
  2648 | D:2      | Reached skill level 5 in Conjurations
  2739 | D:2      | Found a deep blue altar of Sif Muna.
  2919 | D:2      | Found a burning altar of Makhleb.
  3180 | D:3      | Noticed faabio's ghost (weakling NaGl)
  3282 | D:3      | Noticed Sigmund
  3302 | D:3      | Noticed a sky beast
  3305 | D:3      | Killed from afar by an orc priest

Skill      XL: |  1  2  3  4 |
---------------+-------------+-----
Spellcasting   | 3 |  3.5
Conjurations   | 5 |  5.2
Dodging        | |  1.7
Stealth        | |  1.7

Action                   |  1- 3 |  4- 6 || total
-------------------------+-------+-------++-------
Melee: Unarmed           |    17 |    27 ||    44
       Tailslap          |     1 |     3 ||     4
 Cast: Magic Dart        |    88 |    30 ||   118
       Searing Ray       |     2 |     3 ||     5
       Iskenderun's Myst |       |     4 ||     4
  Use: Scroll            |     1 |     9 ||    10
       Potion            |       |     4 ||     4
 Stab: Sleeping          |     1 |       ||     1
  Eat: Chunk             |     5 |     4 ||     9
Armor: Skin              |    15 |    70 ||    85
Dodge: Dodged            |    30 |    32 ||    62
